TOP OF THE 1ST |
Shelby HS Rockets batting - Pitching for Spanish Fork HS : RHP Armando Alvarado
|
Pitching: RHP Armando Alvarado
|
|
Batting: RHB Scotty Hicks
|
0-0: Called Strike 0-1: Ball 1-1: Foul Ball, location: 2F 1-2: Ball 2-2: Foul Ball, location: 2F 2-2: Ball 3-2: Base on Balls
|
Batting: SHB Woody Stanley
|
0-0: Called Strike 0-1: Swinging Strike 0-2: Ball 1-2: Foul Ball, location: 2F 1-2: Strikes out swinging
|
Batting: RHB Fernando Vargas
|
0-0: Ball 1-0: Called Strike 1-1: Ball 2-1: Swinging Strike 2-2: Foul Ball, location: 2F 2-2: Fly out, F6 (Popup, 6MS)
|
Batting: RHB Tommy Davenport
|
0-0: Ball 1-0: Ball 2-0: SINGLE (Groundball, 5L) Scotty Hicks to second
|
Batting: RHB Jake Erickson
|
0-0: Called Strike 0-1: Ball 1-1: Ball 2-1: Ball 3-1: Foul Ball, location: 2F 3-2: Strikes out looking
|
Top of the 1st over - 0 run(s), 1 hit(s), 0 error(s), 2 left on base; Shelby HS 0 - Spanish Fork HS 0 |
BOTTOM OF THE 1ST |
Spanish Fork HS batting - Pitching for Shelby HS Rockets : LHP Kevin Oliver
|
Pitching: LHP Kevin Oliver
|
|
Batting: RHB Javier Ortíz
|
0-0: Ball 1-0: Ball 2-0: Fly out, F7 (Flyball, 78M)
|
Batting: RHB Steve Meyers
|
0-0: Foul Ball, location: 2F 0-1: Ground out 5-3 (Groundball, 5L)
|
Batting: LHB Geoffrey Bird
|
0-0: Called Strike 0-1: Ball 1-1: Called Strike 1-2: Ball 2-2: Ball 3-2: Strikes out looking
|
Bottom of the 1st over - 0 run(s), 0 hit(s), 0 error(s), 0 left on base; Shelby HS 0 - Spanish Fork HS 0 |
TOP OF THE 2ND |
Shelby HS Rockets batting - Pitching for Spanish Fork HS : RHP Armando Alvarado
|
Batting: RHB Rich Crabtree
|
0-0: Swinging Strike 0-1: Swinging Strike 0-2: Strikes out swinging
|
Batting: SHB Cornell Payne
|
0-0: Fly out, F8 (Flyball, 8LM)
|
Batting: RHB Don Jackson
|
0-0: Ball 1-0: Bunt for hit - play at first, batter OUT! 1-3
|
Top of the 2nd over - 0 run(s), 0 hit(s), 0 error(s), 0 left on base; Shelby HS 0 - Spanish Fork HS 0 |
BOTTOM OF THE 2ND |
Spanish Fork HS batting - Pitching for Shelby HS Rockets : LHP Kevin Oliver
|
Batting: SHB Rafael Acosta
|
0-0: DOUBLE (Line Drive, 9LM)
|
Batting: LHB Victor Stuart
|
0-0: Ball 1-0: SINGLE (Groundball, 34D) Rafael Acosta to third
|
Batting: LHB Mal Jiménez
|
0-0: Called Strike 0-1: Swinging Strike 0-2: Ball 1-2: Fly out, F6 (Popup, 6)
|
Batting: RHB Simon Lee
|
0-0: Called Strike 0-1: Ball 1-1: Ball 2-1: Fly out, F8 (Line Drive, 8RD) Runner from 3rd tags up, SCORES, no throw
|
Batting: RHB Mark Whiffen
|
0-0: Swinging Strike 0-1: Ball 1-1: Foul Ball, location: 2F 1-2: Ball 2-2: Ball 3-2: Strikes out swinging
|
Bottom of the 2nd over - 1 run(s), 2 hit(s), 0 error(s), 1 left on base; Shelby HS 0 - Spanish Fork HS 1 |
TOP OF THE 3RD |
Shelby HS Rockets batting - Pitching for Spanish Fork HS : RHP Armando Alvarado
|
Batting: RHB Walt McDonald
|
0-0: Ball 1-0: Called Strike 1-1: Ground out 5-3 (Groundball, 5L)
|
Batting: RHB Scotty Hicks
|
0-0: Foul Ball, location: 2F 0-1: Ball 1-1: Ball 2-1: Ground out 6-3 (Groundball, 6)
|
Batting: SHB Woody Stanley
|
0-0: Ball 1-0: Foul Ball, location: 2F 1-1: Ball 2-1: Called Strike 2-2: Ground out 1-3 (Groundball, 15)
|
Top of the 3rd over - 0 run(s), 0 hit(s), 0 error(s), 0 left on base; Shelby HS 0 - Spanish Fork HS 1 |
BOTTOM OF THE 3RD |
Spanish Fork HS batting - Pitching for Shelby HS Rockets : LHP Kevin Oliver
|
Batting: RHB Ray Hernández
|
0-0: Swinging Strike 0-1: Foul Ball, location: 2F 0-2: Ball 1-2: Strikes out swinging
|
Batting: RHB Javier Ortíz
|
0-0: Ball 1-0: Foul Ball, location: 2F 1-1: Reached on error, E5 (Groundball, 5S)
|
Batting: RHB Steve Meyers
|
0-0: Ball 1-0: SINGLE (Groundball, 4MS) Javier Ortíz to third
|
Batting: LHB Geoffrey Bird
|
0-0: Ball 1-0: Ball 2-0: Ball 3-0: Called Strike 3-1: Base on Balls Steve Meyers to second
|
Batting: SHB Rafael Acosta
|
0-0: Called Strike 0-1: Grounds into double play, 4-6-3 (Groundball, 4)
|
Bottom of the 3rd over - 0 run(s), 1 hit(s), 1 error(s), 2 left on base; Shelby HS 0 - Spanish Fork HS 1 |
TOP OF THE 4TH |
Shelby HS Rockets batting - Pitching for Spanish Fork HS : RHP Armando Alvarado
|
Batting: RHB Fernando Vargas
|
0-0: Ball 1-0: Ball 2-0: Ground out U3 (Groundball, 3S)
|
Batting: RHB Tommy Davenport
|
0-0: Called Strike 0-1: Ball 1-1: Ball 2-1: Called Strike 2-2: Foul Ball, location: 2F 2-2: Ball 3-2: Foul Ball, location: 2F 3-2: Fly out, F7 (Flyball, 7M)
|
Batting: RHB Jake Erickson
|
0-0: SINGLE (Line Drive, 8LS)
|
Batting: RHB Rich Crabtree
|
0-0: Called Strike 0-1: Ball 1-1: Fly out, F9 (Flyball, 89M)
|
Top of the 4th over - 0 run(s), 1 hit(s), 0 error(s), 1 left on base; Shelby HS 0 - Spanish Fork HS 1 |
BOTTOM OF THE 4TH |
Spanish Fork HS batting - Pitching for Shelby HS Rockets : LHP Kevin Oliver
|
Batting: LHB Victor Stuart
|
0-0: Ball 1-0: Fly out, F7 (Flyball, 7M)
|
Batting: LHB Mal Jiménez
|
0-0: Ground out 4-3 (Groundball, 4)
|
Batting: RHB Simon Lee
|
0-0: Ground out 1-3 (Groundball, 23)
|
Bottom of the 4th over - 0 run(s), 0 hit(s), 0 error(s), 0 left on base; Shelby HS 0 - Spanish Fork HS 1 |
TOP OF THE 5TH |
Shelby HS Rockets batting - Pitching for Spanish Fork HS : RHP Armando Alvarado
|
Batting: SHB Cornell Payne
|
0-0: Called Strike 0-1: Ball 1-1: Swinging Strike 1-2: SINGLE (Line Drive, 8RS)
|
Batting: RHB Don Jackson
|
0-0: Called Strike 0-1: Foul Ball, location: 2F 0-2: Ground out 6-3 (Groundball, 6MS) Cornell Payne to second
|
Batting: RHB Walt McDonald
|
0-0: Called Strike Throwing error on steal attempt, E2 Cornell Payne scores 0-1: SINGLE (Line Drive, 7LS)
|
Batting: RHB Scotty Hicks
|
0-0: Called Strike 0-1: Ball 1-1: Ball 2-1: Fly out, F3 (Popup, 34S)
|
Batting: SHB Woody Stanley
|
0-0: Swinging Strike 0-1: Ball 1-1: Foul Ball, location: 2F 1-2: Ball 2-2: Strikes out swinging
|
Top of the 5th over - 1 run(s), 2 hit(s), 1 error(s), 1 left on base; Shelby HS 1 - Spanish Fork HS 1 |
BOTTOM OF THE 5TH |
Spanish Fork HS batting - Pitching for Shelby HS Rockets : LHP Kevin Oliver
|
Batting: RHB Mark Whiffen
|
0-0: Ball 1-0: Ball 2-0: Ground out 5-3 (Groundball, 15S)
|
Batting: RHB Ray Hernández
|
0-0: Foul Ball, location: 2F 0-1: Swinging Strike 0-2: Strikes out swinging
|
Batting: RHB Javier Ortíz
|
0-0: Called Strike 0-1: Ball 1-1: Ball 2-1: Foul Ball, location: 2F 2-2: Ball 3-2: Foul Ball, location: 2F 3-2: Base on Balls
|
Batting: RHB Steve Meyers
|
0-0: Ball 1-0: Fly out, F4 (Popup, 3D)
|
Bottom of the 5th over - 0 run(s), 0 hit(s), 0 error(s), 1 left on base; Shelby HS 1 - Spanish Fork HS 1 |
TOP OF THE 6TH |
Shelby HS Rockets batting - Pitching for Spanish Fork HS : RHP Armando Alvarado
|
Batting: RHB Fernando Vargas
|
0-0: Ball 1-0: Ball 2-0: Swinging Strike 2-1: Ball 3-1: Base on Balls
|
Pitching: RHP Matt Cleveland
|
|
Batting: RHB Tommy Davenport
|
0-0: Called Strike 0-1: Called Strike 0-2: SINGLE (Groundball, 4) Fernando Vargas to second Runner from 2nd tries for 3rd, SAFE, throw made to third
|
Batting: RHB Jake Erickson
|
0-0: Ball 1-0: Ball 2-0: Called Strike 2-1: Called Strike 2-2: Foul Ball, location: 2F 2-2: Fly out, F2 (Popup, 2R)
|
Batting: RHB Rich Crabtree
|
0-0: Swinging Strike 0-1: Ball 1-1: Ball 2-1: Ball 3-1: Called Strike 3-2: Strikes out looking
|
Batting: SHB Cornell Payne
|
0-0: Ball 1-0: Ball 2-0: Foul Ball, location: 2F 2-1: Ball 3-1: Base on Balls Tommy Davenport to second
|
Batting: RHB Don Jackson
|
0-0: Called Strike 0-1: Foul Ball, location: 2F 0-2: Strikes out swinging
|
Top of the 6th over - 0 run(s), 1 hit(s), 0 error(s), 3 left on base; Shelby HS 1 - Spanish Fork HS 1 |
BOTTOM OF THE 6TH |
Spanish Fork HS batting - Pitching for Shelby HS Rockets : LHP Kevin Oliver
|
Batting: LHB Geoffrey Bird
|
0-0: Ball 1-0: Ball 2-0: Ball 3-0: Base on Balls
|
Batting: SHB Rafael Acosta
|
0-0: Ball 1-0: Ball 2-0: Foul Ball, location: 2F 2-1: Foul Ball, location: 2F 2-2: Ball 3-2: Base on Balls Geoffrey Bird to second
|
Batting: LHB Victor Stuart
|
0-0: Ball 1-0: Ball 2-0: Called Strike 2-1: Fly out, F7 (Popup, 5D)
|
Batting: LHB Mal Jiménez
|
0-0: Fly out, F7 (Popup, 6D)
|
Batting: RHB Simon Lee
|
0-0: Ball 1-0: Ball 2-0: 3-RUN HOME RUN (Flyball, 7D), Distance : 363 ft
|
Batting: RHB Mark Whiffen
|
0-0: Foul Ball, location: 2F 0-1: Ball 1-1: Called Strike 1-2: Foul Ball, location: 2F 1-2: Ground out 5-3 (Groundball, 5L)
|
Bottom of the 6th over - 3 run(s), 1 hit(s), 0 error(s), 0 left on base; Shelby HS 1 - Spanish Fork HS 4 |
TOP OF THE 7TH |
Shelby HS Rockets batting - Pitching for Spanish Fork HS : RHP Matt Cleveland
|
Batting: RHB Walt McDonald
|
0-0: Ball 1-0: Ball 2-0: Called Strike 2-1: Swinging Strike 2-2: Foul Ball, location: 2F 2-2: Fly out, F1 (Line Drive, 15)
|
Batting: RHB Scotty Hicks
|
0-0: Called Strike 0-1: SINGLE (Line Drive, 6D)
|
Batting: SHB Woody Stanley
|
0-0: Called Strike Scotty Hicks steals 2nd base 0-1: Swinging Strike 0-2: Ball 1-2: Strikes out swinging
|
Pitching: RHP Jessie Parker
|
|
Batting: RHB Fernando Vargas
|
0-0: Swinging Strike 0-1: Ball 1-1: SINGLE (Line Drive, 56) Scotty Hicks to third Runner from 3rd tries for Home, SAFE, no throw or cutoff
|
Batting: RHB Tommy Davenport
|
0-0: Called Strike 0-1: Foul Ball, location: 2F 0-2: Fly out, F6 (Popup, 56)
|
Top of the 7th over - 1 run(s), 2 hit(s), 0 error(s), 1 left on base; Shelby HS 2 - Spanish Fork HS 4 |
BOTTOM OF THE 7TH |
Spanish Fork HS batting - Pitching for Shelby HS Rockets : LHP Kevin Oliver
|
Pitching: LHP Gonzalo Tobías
|
|
Batting: RHB Ray Hernández
|
0-0: Called Strike 0-1: Called Strike 0-2: Ball 1-2: Ground out 5-3 (Groundball, 5)
|
Batting: RHB Javier Ortíz
|
0-0: Called Strike 0-1: Foul Ball, location: 2F 0-2: Ball 1-2: Strikes out swinging
|
Batting: RHB Steve Meyers
|
0-0: SINGLE (Groundball, 56D)
|
Batting: LHB Geoffrey Bird
|
0-0: Called Strike 0-1: Ball 1-1: Ball 2-1: Ball 3-1: Base on Balls Steve Meyers to second
|
Batting: SHB Rafael Acosta
|
0-0: Called Strike 0-1: Ball 1-1: 3-RUN HOME RUN (Flyball, 78XD), Distance : 414 ft
|
Batting: LHB Victor Stuart
|
0-0: Called Strike 0-1: Called Strike 0-2: Ball 1-2: Foul Ball, location: 2F 1-2: Strikes out swinging
|
Bottom of the 7th over - 3 run(s), 2 hit(s), 0 error(s), 0 left on base; Shelby HS 2 - Spanish Fork HS 7 |
TOP OF THE 8TH |
Shelby HS Rockets batting - Pitching for Spanish Fork HS : RHP Jessie Parker
|
Now at SS: Juan Navarro
|
|
Batting: RHB Jake Erickson
|
0-0: Ball 1-0: Ball 2-0: Ball 3-0: Called Strike 3-1: Called Strike 3-2: Ground out 6-3 (Groundball, 6M)
|
Batting: RHB Rich Crabtree
|
0-0: Ball 1-0: Swinging Strike 1-1: Ball 2-1: Called Strike 2-2: SOLO HOME RUN (Flyball, 7D), Distance : 386 ft
|
Batting: SHB Cornell Payne
|
0-0: Called Strike 0-1: Called Strike 0-2: Ball 1-2: Strikes out looking
|
Batting: RHB Don Jackson
|
0-0: SINGLE (Line Drive, 56D)
|
Batting: RHB Walt McDonald
|
0-0: Fielders Choice at 2nd, U4 (Groundball, 4M)
|
Top of the 8th over - 1 run(s), 2 hit(s), 0 error(s), 1 left on base; Shelby HS 3 - Spanish Fork HS 7 |
BOTTOM OF THE 8TH |
Spanish Fork HS batting - Pitching for Shelby HS Rockets : LHP Gonzalo Tobías
|
Batting: LHB Mal Jiménez
|
0-0: Fly out, F9 (Flyball, 89M)
|
Batting: RHB Simon Lee
|
0-0: Swinging Strike 0-1: Ball 1-1: Foul Ball, location: 2F 1-2: Strikes out swinging
|
Batting: RHB Mark Whiffen
|
0-0: Called Strike 0-1: Fly out, F9 (Flyball, 9M)
|
Bottom of the 8th over - 0 run(s), 0 hit(s), 0 error(s), 0 left on base; Shelby HS 3 - Spanish Fork HS 7 |
TOP OF THE 9TH |
Shelby HS Rockets batting - Pitching for Spanish Fork HS : RHP Jessie Parker
|
Batting: RHB Scotty Hicks
|
0-0: Called Strike 0-1: Called Strike 0-2: Strikes out swinging
|
Batting: SHB Woody Stanley
|
0-0: Ball 1-0: Called Strike 1-1: Ball 2-1: Ball 3-1: Foul Ball, location: 2F 3-2: Foul Ball, location: 2F 3-2: Strikes out looking
|
Batting: RHB Fernando Vargas
|
0-0: Called Strike 0-1: Called Strike 0-2: Ball 1-2: SINGLE (Groundball, 6D)
|
Batting: RHB Tommy Davenport
|
0-0: SINGLE (Line Drive, 6) Fernando Vargas to second
|
Pitching: RHP Merlin Baker
|
|
Batting: RHB Jake Erickson
|
0-0: Ball 1-0: Ball 2-0: Called Strike 2-1: Fly out, F3 (Popup, 3S)
|
Top of the 9th over - 0 run(s), 2 hit(s), 0 error(s), 2 left on base; Shelby HS 3 - Spanish Fork HS 7 |
|